 Dungeon Crawl Stone Soup version 0.28.0-47-ge53b351184 (webtiles) character file.

Game seed: 11905608026017989330

3376 GigaChad the Carver (level 9, -5/90 HPs)
             Began as a Minotaur Chaos Knight on May 5, 2022.
             Was a Plaything of Xom.
             Slain by a killer bee (8 damage)
             ... on level 9 of the Dungeon.
             The game lasted 00:22:32 (8383 turns).

GigaChad the Carver (Minotaur Chaos Knight)         Turns: 8383, Time: 00:22:33

Health: -5/90      AC: 12    Str: 17    XL:     9   Next: 74%
Magic:  8/8        EV:  7    Int:  9    God:    Xom [...*..]
Gold:   355        SH:  0    Dex: 14    Spells: 8/8 levels left

rFire   + . .      SeeInvis .   a - +1 falchion (venom)
rCold   . . .      Faith    +   (no shield)
rNeg    . . .      Spirit   .   G - +0 plate armour
rPois   .          Reflect  .   (helmet unavailable)
rElec   .          Harm     .   (no cloak)
rCorr   .          Rampage  .   (no gloves)
Will    .....      Clarity  +   (no boots)
Stlth   ..........              l - amulet of faith
HPRegen 0.25/turn               c - +4 ring of protection
MPRegen 0.11/turn               (no ring)

@: lethally poisoned (-5 -> -41), unable to read
A: horns 3, retaliatory headbutt, talons 1, clarity, deformed body, fire
resistance 1, robust 1, screaming 1, evolution 1, no potion heal 1, inability to
read while threatened
a: Renounce Religion


You were on level 9 of the Dungeon.
You worshipped Xom.
You were a favourite toy of Xom.
You visited 2 branches of the dungeon, and saw 10 of its levels.
You also visited: Ossuary.

You collected 355 gold pieces.

Inventory:

Hand Weapons
 a - a +1 falchion of venom (weapon)
 h - a +0 glaive
 m - a +0 long sword
 v - a +0 falchion
 x - a +4 trident
 z - a +0 falchion
 F - a +0 war axe
Armour
 b - a +3 leather armour
 t - a +2 robe of the Archmagi
 B - a +0 chain mail
 G - a +0 plate armour (worn)
 I - a +0 troll leather armour
Jewellery
 c - a +4 ring of protection (left hand)
 l - an amulet of faith (around neck)
 y - an amulet of faith
Wands
 u - a wand of flame (8)
 w - a wand of polymorph (12)
 E - a wand of mindburst (14)
Scrolls
 e - 6 scrolls of fear
 f - a scroll of enchant weapon
 i - 7 scrolls of teleportation
 j - a scroll of vulnerability
 k - a scroll of amnesia
 o - a scroll of fog
 A - a scroll of identify
 C - 2 scrolls of immolation {unknown}
 H - a scroll of magic mapping {unknown}
Potions
 d - a potion of might {unknown}
 g - 8 potions of curing
 n - a potion of magic {unknown}
 p - a potion of attraction {unknown}
 q - 3 potions of heal wounds {unknown}
 r - 2 potions of brilliance {unknown}
 s - 3 potions of lignification {unknown}
 D - a potion of berserk rage {unknown}
 J - a potion of ambrosia {unknown}


   Skills:
 + Level 8.3 Fighting
 + Level 10.9 Long Blades
 + Level 7.1 Armour
 + Level 6.7 Dodging
 + Level 2.2 Stealth
 + Level 1.3 Evocations


You had 8 spell levels left.
You didn't know any spells.
Your spell library contained the following spells:

 Spells                   Type           Power      Damage    Failure   Level
 Apportation              Tloc           0%         N/A       100%        1
 Hailstorm                Conj/Ice       0%         3d3       100%        4
 Manifold Assault         Tloc           0%         N/A       100%        5
 Conjure Ball Lightning   Conj/Air       0%         3x3d6     100%        6
 Death Channel            Necr           0%         N/A       100%        6
 Starburst                Conj/Fire      0%         6d3       100%        6
 Haunt                    Necr/Summ      0%         N/A       100%        7
 Infestation              Necr           0%         N/A       100%        8


Dungeon Overview and Level Annotations

Branches:
Dungeon (9/15)             Temple (1/1) D:6         Ossuary (visited)
   Lair: D:8-11         Orc: D:9-12

Altars:
Ashenzari
Cheibriados
Dithmenos
Fedhas
Gozag
Hepliaklqana
Kikubaaqudgha
Makhleb
Nemelex Xobeh
Okawaru
Qazlal
Ru
Sif Muna
Trog
Uskayaw
Wu Jian
Xom
Yredelemnul
Zin
The Shining One

Shops:
D:2 [


Innate Abilities, Weirdness & Mutations

You have a pair of large horns on your head.
You reflexively headbutt those who attack you in melee.
You have sharp toenails.
You possess an exceptional clarity of mind.
Armour fits poorly on your strangely shaped body.
Your flesh is heat resistant. (rF+)
You are robust. (+10% HP)
You occasionally shout uncontrollably at your foes.
You have hidden genetic potential.
Potions are less effective at restoring your health.
You sometimes lose the ability to read scrolls when taking damage.


Message History

The orc warrior is engulfed in seething chaos.
The killer bee barely misses you.
The killer bee stings you but does no damage.
Your warg misses the acid dragon.
The killer bee stings you but does no damage.
Your Armour skill increases to level 7!
Unknown command.
Unknown command.
You hit the orc warrior.
The orc warrior is poisoned.
You claw the orc warrior, but do no damage.
The orc warrior is lightly wounded.
You feel very sick.
The killer bee stings you but does no damage.
The killer bee stings you.
You are lethally poisoned!
The killer bee poisons you! The killer bee stings you.
* * * LOW HITPOINT WARNING * * *
The orc warrior closely misses you.
Your warg bites the acid dragon!
You slash the orc warrior!
You claw the orc warrior, but do no damage.
The orc warrior is moderately wounded.
* * * LOW HITPOINT WARNING * * *
You feel very sick.
The killer bee stings you but does no damage.
The killer bee stings you.
* * * LOW HITPOINT WARNING * * *
The killer bee stings you.
* * * LOW HITPOINT WARNING * * *
You are more poisoned.
The killer bee poisons you! The killer bee barely misses you.
You furiously retaliate!
You headbutt the killer bee, but do no damage.
The killer bee stings you!
* * * LOW HITPOINT WARNING * * *
Xom is highly amused!
Your warg bites the acid dragon!
The acid dragon dies!
The killer bee stings you!
You die...
Xom bursts into laughter!

############
#..........####
+..........'(.####
#o.........##.#...
#yy........##.#...
#@o§†......##.O...
#.y.h......####...
#..........# #...
#..........# ####
#.....)....# #
#####'###### . .#
#. .# #.


You could see an orc warrior (very poisoned), 3 killer bees, an orc and a
friendly warg (summoned, corroded).

Vanquished Creatures
  A troll (D:9)
  Grinder (D:5)
  A steam dragon (D:6)
  2 water moccasins
  A black bear (D:5)
  3 necrophages
  2 hornet zombies
  2 phantoms
  An elf zombie (Ossuary)
  A bullfrog (D:8)
  Blork the orc (D:5)
  A scorpion (D:5)
  A water moccasin zombie (D:7)
  A water moccasin skeleton (D:5)
  2 killer bees (D:9)
  3 centaur zombies (Ossuary)
  3 crimson imps (D:8)
  A bullfrog zombie (D:7)
  5 hounds
  2 human zombies (Ossuary)
  A jelly (D:8)
  2 orc priests
  A bullfrog skeleton (D:6)
  A centaur skeleton (D:6)
  4 iguanas
  4 orc wizards
  A killer bee zombie (D:6)
  3 mummies (Ossuary)
  7 adders
  A shadow imp (D:6)
  An ufetubus (D:4)
  An adder skeleton (D:4)
  5 worms
  6 dart slugs
  20 orcs
  4 ball pythons
  3 bats (D:1)
  6 endoplasms
  7 giant cockroaches
  9 hobgoblins
  8 jackals (D:1)
  5 quokkas
  2 frilled lizards (D:3)
  7 goblins
  A goblin zombie (D:5)
  11 kobolds
  10 rats
  A rat zombie (D:5)
167 creatures vanquished.

Vanquished Creatures (collateral kills)
  An acid dragon (D:9)
  An orc warrior (D:8)
  A water moccasin (D:7)
  An ice beast (D:7)
  An elf zombie (Ossuary)
  2 human zombies (Ossuary)
7 creatures vanquished.

Vanquished Creatures (others)
  A wizard (D:8)
  3 human zombies (Ossuary)
  An orc wizard (D:5)
5 creatures vanquished.

Grand Total: 179 creatures vanquished

Notes
Turn   | Place    | Note
-------+----------+-------------------------------------------
     0 | D:1      | GigaChad the Minotaur Chaos Knight began the quest for the
                  | Orb.
     0 | D:1      | Reached XP level 1. HP: 19/19 MP: 0/0
     1 | D:1      | Found a runed translucent door.
    14 | D:1      | Reached skill level 4 in Long Blades
    18 | D:1      | Reached XP level 2. HP: 27/27 MP: 1/1
   140 | D:1      | Reached XP level 3. HP: 24/33 MP: 2/2
   236 | D:1      | Found a faded altar of an unknown god.
   708 | D:2      | XOM: cloud trail
   818 | D:2      | Found Isulecep's Armour Emporium.
  1030 | D:2      | Reached XP level 4. HP: 38/40 MP: 3/3
  1092 | D:2      | Reached skill level 5 in Long Blades
  1380 | D:3      | XOM: fake destruction
  1416 | D:3      | XOM: 2-stop teleportation journey
  1457 | D:3      | Reached XP level 5. HP: 37/47 MP: 4/4
  1557 | D:3      | XOM: 3-stop teleportation journey
  1592 | D:3      | XOM: fog
  2181 | D:3      | Reached skill level 6 in Long Blades
  2240 | D:4      | XOM: noise
  2254 | D:4      | XOM: give mutation
  2254 | D:4      | Gained mutation: You possess an exceptional clarity of
                  | mind. [Xom's grace]
  2268 | D:4      | Found an iron altar of Okawaru.
  2272 | D:4      | Found a shimmering blue altar of Sif Muna.
  2272 | D:4      | Found a shadowy altar of Dithmenos.
  2272 | D:4      | Found a snail-covered altar of Cheibriados.
  2330 | D:4      | XOM: noise
  2468 | D:4      | Noticed a necrophage
  2470 | D:4      | XOM: enchant monster (bad)
  2480 | D:4      | XOM: enchant monster (bad)
  2483 | D:4      | XOM: give mutations
  2483 | D:4      | Gained mutation: Armour fits poorly on your strangely
                  | shaped body. [Xom's mischief]
  2483 | D:4      | Gained mutation: You sometimes lose the ability to read
                  | scrolls when taking damage. [Xom's mischief]
  2483 | D:4      | Gained mutation: Potions are less effective at restoring
                  | your health. [Xom's mischief]
  2487 | D:4      | Killed a necrophage
  2488 | D:4      | Reached XP level 6. HP: 35/55 MP: 5/5
  2539 | D:4      | XOM: 2-stop teleportation journey
  2843 | D:4      | Reached skill level 5 in Fighting
  2902 | D:4      | Found a hazy altar of Hepliaklqana.
  3059 | D:4      | XOM: give mutation
  3059 | D:4      | Gained mutation: You occasionally shout uncontrollably at
                  | your foes. [Xom's mischief]
  3153 | D:4      | XOM: god gift: Xom's Handbook of Good Intentions {god gift}
  3154 | D:4      | Got Xom's Handbook of Good Intentions {god gift}
  3188 | D:4      | XOM: divination: detect items
  3331 | D:5      | Entered Level 5 of the Dungeon
  3493 | D:5      | Found a sand-covered staircase.
  3502 | Ossuary  | Entered an ossuary
  3509 | Ossuary  | XOM: cast spell 'Summon Mana Viper'
  3522 | Ossuary  | Reached skill level 7 in Long Blades
  3527 | Ossuary  | Reached skill level 1 in Stealth
  3527 | Ossuary  | Reached XP level 7. HP: 58/61 MP: 6/6
  3554 | Ossuary  | XOM: repel stairs
  3555 | Ossuary  | XOM: scenery: 1 doors close
  3563 | Ossuary  | XOM: scenery: 2 doors open
  3568 | Ossuary  | XOM: cast spell 'Summon Mana Viper'
  3596 | Ossuary  | XOM: divine lightning
  3605 | Ossuary  | Reached skill level 8 in Long Blades
  4030 | D:5      | Noticed Grinder
  4035 | D:5      | Paralysed by Grinder for 2 turns
  4047 | D:5      | Paralysed by Grinder for 4 turns
  4053 | D:5      | Killed Grinder
  4054 | D:5      | Reached skill level 5 in Dodging
  4054 | D:5      | Reached XP level 8. HP: 35/70 MP: 7/7
  4081 | D:5      | XOM: torment (22/70 hp)
  4190 | D:5      | XOM: give mutations
  4190 | D:5      | Gained mutation: You have hidden genetic potential. [Xom's
                  | grace]
  4190 | D:5      | Gained mutation: Your flesh is heat resistant. (rF+) [Xom's
                  | grace]
  4190 | D:5      | Gained mutation: You have sharp toenails. [Xom's grace]
  4403 | D:5      | XOM is BORED!
  4403 | D:5      | XOM: 6-stop teleportation journey
  4456 | D:5      | Got the Tome of the Six Stars
  4546 | D:5      | Reached skill level 9 in Long Blades
  4599 | D:5      | Noticed Blork the orc
  4612 | D:5      | XOM: summons friendly iron imp
  4613 | D:5      | Killed Blork the orc
  4666 | D:5      | XOM: 6-stop teleportation journey
  4903 | D:5      | XOM: god gift: sharpened brass wand {god gift}
  5369 | D:6      | XOM: confuse monster(s)
  5373 | D:6      | XOM: cast spell 'Summon Small Mammal'
  5385 | D:6      | Reached skill level 10 in Long Blades
  5393 | D:6      | XOM: divination: magic mapping
  5798 | D:6      | XOM: divination: detect items
  5900 | D:6      | XOM: divination: detect creatures
  5910 | D:6      | Reached skill level 5 in Armour
  5910 | D:6      | Reached XP level 9. HP: 77/79 MP: 8/8
  6001 | D:6      | XOM: divination: magic mapping
  6394 | D:6      | Found a staircase to the Ecumenical Temple.
  6412 | Temple   | Entered the Ecumenical Temple
  6433 | Temple   | XOM: 6-stop teleportation journey
  6562 | D:7      | XOM: snakes to sticks
  6629 | D:7      | Reached skill level 1 in Evocations
  6657 | D:7      | Gained mutation: You have a pair of large horns on your
                  | head. [hidden potential]
  6676 | D:7      | XOM: cast spell 'Summon Horrible Things'
  7060 | D:7      | XOM: 1-stop teleportation journey
  7083 | D:7      | XOM: 3-stop teleportation journey
  7300 | D:8      | Found a shimmering altar of Xom.
  7348 | D:8      | XOM: give mutation
  7348 | D:8      | Gained mutation: You are robust. (+10% HP) [Xom's grace]
  7615 | D:8      | XOM: cast spell 'Call Canine Familiar'
  7621 | D:8      | XOM: 2-stop teleportation journey
  7790 | D:8      | XOM: summons 5 hostile demons
  7923 | D:8      | Found a bloodstained altar of Trog.
  7925 | D:8      | Noticed a wizard
  7929 | D:8      | Killed a wizard
  7932 | D:8      | XOM: 6-stop teleportation journey
  7950 | D:8      | XOM: noise
  7972 | D:9      | Noticed a troll
  7978 | D:9      | XOM: smoke on damage
  7979 | D:9      | Killed a troll
  8003 | D:9      | Noticed a two-headed ogre
  8376 | D:9      | XOM: chaos cloud
  8379 | D:9      | XOM: cast spell 'Call Canine Familiar'
  8383 | D:9      | HP: 3/90 [killer bee (11)]
  8383 | D:9      | Slain by a killer bee

Illustrated notes

Levels and vault maps discovered:
D:1:      dpeg_arrival_caged_fury, layout_rooms,
          hellmonk_ecumenical_altar_run_dry
D:2:      minmay_evil_eye, layout_basic, serial_shops, shop_coins
D:3:      layout_loops_cross, ebering_dispersal_statue_hall
D:4:      layout_cave_pods, nicolae_hepliaklqana_hippocampus,
          grunt_temple_overflow_open, uniq_duvessa
D:5:      layout_basic, enter_ossuary_4, minmay_holes, uniq_grinder,
          uniq_blork_the_orc
D:6:      layout_basic, minmay_temple_entry_statues_pillars,
          minmay_misc_feat_square, moated_statue
D:7:      layout_basic, uniq_crazy_yiuf_cottage
D:8:      layout_loops_cross, led_xom_imps, trog_wizard, hangedman_decor_growths
D:9:      layout_roguey
Temple:   regret_index_temple_waves

Skill      XL: |  1  2  3  4  5  6  7  8  9 |
---------------+----------------------------+-----
Long Blades    | 4 5 6 7 8 10 | 10.9
Fighting       | 4 5 6 7 8 |  8.3
Dodging        | 2 3 5 6 |  6.7
Armour         | 3 4 5 7 |  7.1
Stealth        | 1 2 |  2.2
Evocations     | 1 |  1.3

Action                   |  1- 3 |  4- 6 |  7- 9 || total
-------------------------+-------+-------+-------++-------
Melee: Falchion          |    87 |   143 |   248 ||   478
       Headbutt          |     8 |    19 |    54 ||    81
       Punch             |       |     2 |     5 ||     7
       Kick              |       |       |    50 ||    50
Evoke: Wand              |       |       |     2 ||     2
  Use: Scroll            |     7 |       |     5 ||    12
Armor: Leather armour    |    39 |    72 |    70 ||   181
       Chain mail        |       |       |    20 ||    20
       Plate armour      |       |       |    18 ||    18
Dodge: Dodged            |    72 |    91 |   187 ||   350
